 Dungeon Crawl Stone Soup version bcrawl-1.32 (webtiles) character file.

Game seed: 7530663454154482123

110826 Morbidden the Sneak (level 3, -4/20 HPs)
             Began as a Skeleton Archaeologist on June 22, 2021.
             Slain by a worm (9 damage)
             ... on level 2 of the Dungeon.
             The game lasted 00:01:42 (1622 turns).

Morbidden the Sneak (Skeleton Archaeologist)        Turns: 1622, Time: 00:01:43

Health: -4/20      AC:  6    Str: 16 (17) XL:     3   Next: 60%
Magic:  0/4        EV: 12    Int: 12      God:
Gold:   44         SH:  0    Dex:  8      Spells: 4/4 levels left

rFire    . . .     SeeInvis .   a - +0 dagger
rCold    + . .     Gourm    .   (no shield)
rNeg     + + +     Faith    .   c - +1 robe
rPois    ∞         Spirit   +   d - +1 hat
rElec    .         Reflect  .   (no cloak)
rCorr    .         Harm     .   (no gloves)
MR       .....                  e - +1 pair of boots
Stlth    ++........             (no amulet)
HPRegen  0.06/turn              (no ring)
MPRegen  0.09/turn              (no ring)

@: no status effects
A: no food or potions, cold resistance 1, deterioration 1, negative energy
resistance 3, torment resistance, unbreathing, magic shield, sturdy frame 1,
spell healing
a: no special abilities


You were on level 2 of the Dungeon.
You were not hungry.

You visited 1 branch of the dungeon, and saw 2 of its levels.

You collected 44 gold pieces.

Inventory:

Hand Weapons
 a - a +0 dagger (weapon)
 b - a +0 blowgun
Missiles
 f - 6 curare-tipped needles
Armour
 c - a +1 robe (worn)
 d - a +1 hat (worn)
 e - a +1 pair of boots (worn)
Scrolls
 g - a scroll of magic mapping
 i - a scroll of blinking {unknown}
 j - a scroll of fear {unknown}
 k - a scroll of teleportation {unknown}
Miscellaneous
 h - a dusty tome


   Skills:
 * Level 1.5 Fighting
 * Level 0.1 Short Blades
   Level 2.3 Maces & Flails
 * Level 3.3 Dodging
 + Level 4.2 Stealth
 * Level 1.1 Spellcasting


You had 4 spell levels left.
You didn't know any spells.
Your spell library was empty.

Dungeon Overview and Level Annotations

Branches:
Dungeon (2/12)

Altars:
Xom


Innate Abilities, Weirdness & Mutations

You do not eat or drink.
You are immune to poison.
Your flesh is cold resistant. (rC+)
Your body sometimes deteriorates upon taking damage.
You are immune to negative energy. (rN+++)
You are immune to unholy pain and torment.
You can survive without breathing.
When hurt, damage is shared between your health and your magic reserves.
Your movements are slightly less encumbered by armour. (ER -2)
Casting spells heals you.


Message History

You barely miss the worm.
The worm is heavily wounded.
The worm closely misses you.
Unknown command.
Unknown command.
You hit the worm.
The worm is heavily wounded.
The worm bites you.
You hit the worm.
The worm is heavily wounded.
You hit the worm but do no damage.
The worm is heavily wounded.
The worm bites you!
* * * LOW HITPOINT WARNING * * *
You hit the worm.
The worm is severely wounded.
You hit the worm.
The worm is severely wounded.
The worm bites you!
You die...

##.##
#.......##.. #.#
#..########.
####.#####..# ##
#...........# #
#.##.#####..#
####.##.#####..#
#...............
#.##.###.####.##
#..w@......#
#.###.###### #.#
... .... ...#.
##.##.# .# #


You could see a worm.

Vanquished Creatures
  4 dart slugs
  4 leopard geckos
  An orc (D:2)
  A ball python (D:1)
  4 hobgoblins
  2 jackals (D:2)
  A quokka (D:2)
  5 bats
  A frilled lizard (D:1)
  2 goblins (D:2)
  6 kobolds
  9 rats
40 creatures vanquished.

Notes
Turn   | Place    | Note
-------+----------+-------------------------------------------
     0 | D:1      | Morbidden the Skeleton Archaeologist began the quest for
                  | the Orb.
     0 | D:1      | Reached XP level 1. HP: 12/12 MP: 1/1
   281 | D:1      | Reached skill level 4 in Stealth
   294 | D:1      | Reached XP level 2. HP: 16/16 MP: 2/2
   845 | D:1      | Reached XP level 3. HP: 6/20 MP: 1/4
  1176 | D:2      | Found a shimmering altar of Xom.
  1256 | D:2      | Identified the ring of Fallacy {+Fly Dex+5 Slay-4}
  1533 | D:2      | Reached skill level 1 in Spellcasting
  1622 | D:2      | Slain by a worm

Skill      XL: |  1  2  3 |
---------------+----------+-----
Stealth        | 4 |  4.2
Maces & Flails | 2 |  2.3
Spellcasting   | 1 |  1.1
Fighting       | |  1.5
Short Blades   | |  0.1
Dodging        | |  3.3

Action                   || total
-------------------------++-------
Melee: Whip              ||   137
       Dagger            ||    49
 Stab: Sleeping          ||     3
Armor: Robe              ||    59
Dodge: Dodged            ||   127
